 Dungeon Sprint DCSS version 0.22-a0-283-g1871b15 (webtiles) character file.

4898560 schets the End of an Era (level 27, 249/249 HPs)
             Began as a Demonspawn Gladiator on Mar 18, 2018.
             Was the Champion of Qazlal.
             Escaped with the Orb!
             The game lasted 01:24:41 (8938 turns).

schets the End of an Era (Demonspawn Gladiator)     Turns: 8938, Time: 01:24:42

Health: 249/249    AC: 62    Str: 38    XL:     27
Magic:  35/54      EV: 20    Int: 17    God:    Qazlal [******]
Gold:   8166       SH:  8    Dex:  9    Spells: 14/80 levels left

rFire    + + +     SeeInvis .     - Unarmed
rCold    + + +     Gourm    .   (no shield)
rNeg     . . .     Faith    +   g - +12 gold dragon scales
rPois    +         Spirit   .   F - +0 hat of the Arcane {Str+3}
rElec    +         Reflect  .   D - +1 cloak of Miracles {rPois rF++ Regen+ Dex-5}
rCorr    .         Harm     .   (gloves unavailable)
MR       ++...     NoTele   +   E - +3 pair of boots of Hospitality {Slay+5}
Stlth    ..........             u - amulet "Mutsil" {Faith Int+6}
HPRegen  6.91/turn              M - ring "Plog" {*Slow rC+ Str+8 Int+2}
MPRegen  0.34/turn              p - ring of Uxkuntaa {rC+ Str+2 Int-2 Slay+3 Stlth-}

@: deflect missiles
A: claws 3, talons 1, thin metallic scales 3, cold resistance 1, icemail,
powered by death 3, shaggy fur 1, weak 1, augmentation 3, freezing cloud
immunity
0: Orb of Zot
}: 10/15 runes: serpentine, slimy, elven, silver, iron, icy, bone, demonic,
fiery, gossamer
a: Upheaval, Elemental Force, Disaster Area, Renounce Religion


You escaped.
You worshipped Qazlal.
Qazlal was exalted by your worship.
You were not hungry.

You visited 1 branch You collected 44370 gold pieces.
You spent 36204 gold pieces at shops.

Inventory:

Hand Weapons
 v - a +8 blowgun
Missiles
 d - 2 throwing nets (quivered)
 w - 32 needles of confusion
Armour
 g - +12 gold dragon scales (worn)
 A - the cursed -2 cloak "Lenitwuo" {-Tele +Fly Regen+}
   (You bought it in a shop in the Dungeon)

   It lets you fly.
   It prevents most forms of teleportation.
   It increases your rate of regeneration.
   It has a curse placed upon it.
 D - the +1 cloak of Miracles (worn) {rPois rF++ Regen+ Dex-5}
   (You bought it in a shop in the Dungeon)

   It affects your dexterity (-5).
   It greatly protects you from fire.
   It protects you from poison.
   It increases your rate of regeneration.
 E - the +3 pair of boots of Hospitality (worn) {Slay+5}
   (You bought it in a shop in the Dungeon)

   It affects your accuracy and damage with ranged weapons and melee attacks
   (+5).
 F - the +0 hat of the Arcane (worn) {Str+3}
   (You bought it in a shop in the Dungeon)

   It affects your strength (+3).
Jewellery
 p - the ring of Uxkuntaa (right claw) {rC+ Str+2 Int-2 Slay+3 Stlth-}
   (You bought it in a shop in the Dungeon)

   [ring of loudness]

   It affects your strength (+2).
   It affects your intelligence (-2).
   It affects your accuracy and damage with ranged weapons and melee attacks
   (+3).
   It protects you from cold.
   It makes you less stealthy.
 r - the ring "Diugh" {rPois Str+3 Int-5 Slay+5 SInv}
   (You bought it in a shop in the Dungeon)

   [ring of strength]

   It affects your strength (+3).
   It affects your intelligence (-5).
   It affects your accuracy and damage with ranged weapons and melee attacks
   (+5).
   It protects you from poison.
   It lets you see invisible.
 t - the ring "Deb Ukiq" {*Drain +Fly rPois MR+ Stlth+}
   (You bought it in a shop in the Dungeon)

   [ring of flight]

   It protects you from poison.
   It affects your resistance to hostile enchantments.
   It lets you fly.
   It causes draining when unequipped.
   It makes you more stealthy.
 u - the amulet "Mutsil" (around neck) {Faith Int+6}
   (You bought it in a shop in the Dungeon)

   [amulet of faith]

   It allows you to gain divine favour quickly.
   It affects your intelligence (+6).
 y - the ring of Qeejoc {+Fly rC+ MR+ Dex-4 Stlth+}
   (You bought it in a shop in the Dungeon)

   [ring of stealth]

   It affects your dexterity (-4).
   It protects you from cold.
   It affects your resistance to hostile enchantments.
   It lets you fly.
   It makes you more stealthy.
 z - the ring of Rutaoc {MR+ Stlth+}
   (You bought it in a shop in the Dungeon)

   [ring of stealth]

   It affects your resistance to hostile enchantments.
   It makes you more stealthy.
 I - the amulet of Xom's Ringing Laughter {Faith rElec rPois rN++ Dex-5}
   (You found it in the Dungeon)

   [amulet of faith]

   It allows you to gain divine favour quickly.
   It affects your dexterity (-5).
   It insulates you from electricity.
   It protects you from poison.
   It greatly protects you from negative energy.
 K - an uncursed ring of magical power
 M - the ring "Plog" (left claw) {*Slow rC+ Str+8 Int+2}
   (You bought it in a shop in the Dungeon)

   [ring of intelligence]

   It affects your strength (+8).
   It affects your intelligence (+2).
   It protects you from cold.
   It may slow you when you take damage.
Wands
 m - a wand of acid (13)
 n - a wand of iceblast (5)
 L - a wand of polymorph (9)
Scrolls
 b - 14 scrolls of remove curse
 j - 6 scrolls of silence
 k - 22 scrolls of blinking
 o - 27 scrolls of fog
 s - 36 scrolls of identify
Potions
 c - 11 potions of might
 e - 20 potions of curing
 f - 34 potions of heal wounds
 h - 38 potions of haste
 i - 27 potions of magic
 l - 24 potions of resistance
 B - 12 potions of agility
 C - 20 potions of berserk rage
 G - 3 potions of mutation
 H - 10 potions of brilliance
Miscellaneous
 x - a quad damage
 J - a crystal ball of energy
Comestibles
 a - 50 rations
 q - a chunk of flesh


   Skills:
 O Level 27 Fighting
   Level 6.3 Axes
 - Level 19.2 Throwing
 O Level 27 Armour
 O Level 27 Dodging
 O Level 27 Unarmed Combat
 O Level 27 Spellcasting
 - Level 6.0 Hexes
 O Level 27 Charms
 O Level 27 Necromancy
 - Level 24.6 Transmutations
   Level 3.8 Ice Magic
 O Level 27 Air Magic
 O Level 27 Earth Magic
 O Level 27 Invocations
 + Level 24.7 Evocations


You had 14 spell levels left.
You knew the following spells:

 Your Spells              Type           Power        Failure   Level  Hunger
a - Death's Door          Chrm/Necr      ########..   1%          8    ######.
b - Necromutation         Tmut/Necr      ########..   2%          8    ######.
c - Infestation           Necr           ########..   1%          8    ######.
d - Borgnjor's Revivific  Necr           ########..   1%          8    ######.
e - Shatter               Erth           ########..   21%         9    #######
f - Tornado               Air            ########..   21%         9    #######
g - Dispel Undead         Necr           ########     0%          5    None
h - Silence               Hex/Air        ########..   1%          5    None
i - Deflect Missiles      Chrm/Air       ########..   1%          6    ###....


Dungeon Overview and Level Annotations

Branches:
Dungeon (1/1)

Altars:
Cheibriados
Dithmenos
Fedhas
Gozag
Kikubaaqudgha
Makhleb
Okawaru
Qazlal
Ru
Sif Muna
Trog
Uskayaw
Vehumet
Wu Jian
Xom
Yredelemnul
Zin
The Shining One
Beogh
Jiyva
Lugonu

Shops:
D *[?*?*:[((


Innate Abilities, Weirdness & Mutations

You have claws for hands.
You are completely covered in thin metallic scales. (AC +4, rElec)
Your flesh is cold resistant. (rC+)
A meltable icy envelope protects you from harm. (AC +10)
You regenerate a lot of health from kills.
Your magical and physical power is greatly enhanced at high health.
You are immune to freezing clouds.
You have sharp toenails.
You are covered in fur. (AC +1)
You are weak. (Str -2)


Message History

Unknown command.
Unknown command.
Nature churns violently around you!
The Orb Guardian is struck by lightning.
The Orb Guardian misses you.
Unknown command.
Unknown command.
Unknown command.
Unknown command.
Unknown command.
Unknown command.
Unknown command.
You mangle the Orb Guardian!!
You kill the Orb Guardian!
Qazlal accepts your kill.
Unknown command.
You start resting.
HP restored.
You can't go down here!
You have escaped!

▓▓#._)......_#▓▓▓
▓......)..[.....▓
▓▓▓.)§..))§.....).▓
###...≈))§.)..)≈≈≈).#####
▓▓▓##∩__.†)≈≈≈)≈.§|≈[.).__.∩##
▓.#.∩)|)...≈≈.)≈...[§.≈[[)..∩###
.#........≈[≈≈§..§§≈≈.)........##
.⌠...[.[[≈≈≈..≈§):≈≈≈)≈[.......⌠#
.⌠.....).)≈≈≈≈≈[@§)≈≈≈≈.)......⌠#
.⌠[.......≈≈§≈.≈)..≈≈.)≈.......⌠#
#.[......≈(.≈.≈§§§≈≈≈≈≈≈.......##
▓.#.∩.....)))≈≈≈§≈≈≈≈≈.).)..∩###
▓▓▓#.(___≈≈..≈.)§≈≈§≈≈≈.___∩##
▓.##..≈≈))§[≈≈≈≈≈≈..≈#####
▓▓▓▓▓▓≈[....≈≈=.[≈)⌠≈▓
▓.≈≈≈)|)≈.)≈≈.≈≈▓
▓▓▓#_....).._.▓▓▓


There were no monsters in sight!

Vanquished Creatures
  An ancient lich (D)
  Dissolution (D)
  Cerebov (D)
  Antaeus (D)
  Ereshkigal (D)
  Mennas (D)
  Ignacio (D)
  Dispater (D)
  3 orbs of fire (D)
  2 juggernauts (shapeshifter) (D)
  8 pandemonium lords (D)
  2 Killer Klowns (D)
  3 shard shrikes (shapeshifter) (D)
  Fannar (D)
  2 golden dragons (shapeshifter) (D)
  3 caustic shrikes (shapeshifter) (D)
  14 golden dragons (D)
  4 Tzitzimimeh (D)
  4 pearl dragons (D)
  An electric golem (D)
  A Brimstone Fiend (D)
  A lich (D)
  Nellie (D)
  3 Hell Sentinels (D)
  24 hellephants (D)
  An iron giant (shapeshifter) (D)
  28 Orb Guardians (D)
  A quicksilver dragon (shapeshifter) (D)
  17 quicksilver dragons (D)
  An acid blob (D)
  17 Executioners (D)
  A titan (shapeshifter) (D)
  3 sphinxes (shapeshifter) (D)
  3 acid blobs (shapeshifter) (D)
  3 storm dragons (D)
  A fire giant (shapeshifter) (D)
  5 daevas (D)
  4 azure jellies (D)
  6 nagarajas (D)
  A corrupter (D)
  A warmonger (D)
  3 ghost moths (D)
  11 iron dragons (D)
  An iron dragon (shapeshifter) (D)
  3 angels (D)
  11 emperor scorpions (D)
  A balrug (D)
  2 cacodemons (D)
  3 reapers (D)
  4 ophanim (D)
  2 apis (D)
  A black sun (D)
  A lorocyproca (D)
  A deep elf annihilator (D)
  3 green deaths (D)
  2 blizzard demons (D)
  3 death oozes (D)
  12 ettins (D)
  A jumping spider (D)
  5 naga warriors (D)
  2 deep elf high priests (D)
  2 great orbs of eyes (D)
  Harold (D)
  A monstrous demonspawn (D)
  5 anacondas (D)
  5 hydras (D)
  37 catoblepae (D)
  An alligator (D)
  7 dancing weapons (D)
  7 sun demons (D)
  2 soul eaters (D)
  2 deep elf knights (D)
  4 sixfirhies (D)
  13 skeletal warriors (D)
  3 shadow demons (D)
  2 iron trolls (shapeshifter) (D)
  2 cherubim (D)
  3 infernal demonspawn (D)
  4 swamp dragons (D)
  A deep elf archer (D)
  2 gelid demonspawn (D)
  An oklob plant (D)
  8 deep elf magi (D)
  3 orb spiders (D)
  19 shining eyes (D)
  A black mamba (D)
  15 moths of wrath (D)
  An elephant (shapeshifter) (D)
  5 guardian serpents (D)
  6 naga magi (D)
  A black mamba (shapeshifter) (D)
  2 rust devils (D)
  24 smoke demons (D)
  An eye of devastation (D)
  7 orange demons (D)
  A spiny frog (D)
  5 rime drakes (D)
  A spiny frog (shapeshifter) (D)
  7 hellwings (D)
  A hellion (D)
  A tormentor (D)
  An efreet (D)
  A demonic crawler (D)
  10 ice devils (D)
  2 yaktaurs (shapeshifter) (D)
  6 queen bees (D)
  A queen bee (shapeshifter) (D)
  4 red devils (D)
  A troll (shapeshifter) (D)
  A hornet (shapeshifter) (D)
  6 slime creatures (D)
  A tyrant leech (D)
  2 hippogriffs (D)
  A raiju (shapeshifter) (D)
  2 redbacks (D)
  An air elemental (D)
  A shadow (D)
  2 water elementals (D)
  A tarantella (shapeshifter) (D)
  5 ynoxinuls (D)
  A basilisk (D)
  A yak (D)
  7 golden eyes (D)
  A human (shapeshifter) (D)
  5 neqoxecs (D)
  7 chaos spawn (D)
  A large abomination (D)
  2 porcupines (D)
  A water moccasin (D)
  4 floating eyes (D)
  A black bear (shapeshifter) (D)
  2 orc warriors (D)
  An ice beast (D)
  5 eyes of draining (D)
  3 crocodiles (D)
  A big kobold (D)
  Blork the orc (D)
  2 earth elementals (D)
  8 killer bees (D)
  A howler monkey (D)
  6 vampire bats (D)
  A crimson imp (D)
  2 quasits (D)
  An iron imp (D)
  An orc wizard (D)
  A hell rat (D)
  A worker ant (D)
  2 ogre simulacra (D)
  A river rat (D)
  A shadow imp (D)
  A white imp (D)
  3 ufetubi (D)
  An adder skeleton (D)
  2 orcs (D)
  A bat zombie (D)
  4 hobgoblins (D)
  A kobold (D)
  A rat (D)
  6 fire vortices (D)
605 creatures vanquished.

Vanquished Creatures (collateral kills)
  A big kobold (D)
  A hell rat (D)
  A fire vortex (D)
3 creatures vanquished.

Vanquished Creatures (others)
  3 fire vortices (D)
3 creatures vanquished.

Grand Total: 611 creatures vanquished

Notes
Turn   | Place    | Note
-------+----------+-------------------------------------------
     0 | D        | schets the Demonspawn Gladiator began the quest for the Orb.
     0 | D        | Reached XP level 1. HP: 16/16 MP: 1/1
     1 | D        | Found an iron altar of Okawaru.
     1 | D        | Found a shadowy altar of Dithmenos.
     2 | D        | Found a shimmering altar of Xom.
     2 | D        | Found a basalt altar of Yredelemnul.
     3 | D        | Found an ornate altar of the Wu Jian Council.
     4 | D        | Found a sacrificial altar of Ru.
     4 | D        | Found an opulent altar of Gozag.
     4 | D        | Found Gemiysha's Staff Store.
     4 | D        | Found Jaetih's Magic Scroll Shop.
     5 | D        | Found Otaeg's Must-Have Magic.
     5 | D        | Found Raotom's Magic Scroll Shop.
     5 | D        | Round 1.
     8 | D        | Found a roughly hewn altar of Beogh.
     9 | D        | Found a deep blue altar of Sif Muna.
    10 | D        | Found Ukla's Delicious Food.
    10 | D        | Found a hide-covered altar of Uskayaw.
    10 | D        | Found a corrupted altar of Lugonu.
    10 | D        | Found a viscous altar of Jiyva.
    10 | D        | Found Seratt's Identification Station.
    11 | D        | Found Veisum's Jewellery.
    11 | D        | Found Jumug's Advanced Armour.
    14 | D        | Found a glowing silver altar of Zin.
    15 | D        | Found a glowing golden altar of the Shining One.
    16 | D        | Found a snail-covered altar of Cheibriados.
    17 | D        | Found Kunueqar's Premium Goods.
    19 | D        | Found a burning altar of Makhleb.
    19 | D        | Found a bloodstained altar of Trog.
    19 | D        | Found a stormy altar of Qazlal.
    19 | D        | Found Maxkus's Weapon Rack.
    20 | D        | Found Tixuor's Miscellaneous Merchandise.
    20 | D        | Found Xuuze's Basic Armour.
    23 | D        | Found an ancient bone altar of Kikubaaqudgha.
    27 | D        | Became a worshipper of Qazlal Stormbringer
    30 | D        | Reached skill level 1 in Invocations
    34 | D        | Reached * piety under Qazlal
    39 | D        | Noticed a big kobold
    49 | D        | Killed a big kobold
    49 | D        | Reached skill level 5 in Invocations
    49 | D        | Gained mutation: You regenerate a little health from kills. [demonic ancestry]
    49 | D        | Reached XP level 2. HP: 22/26 MP: 2/5
    49 | D        | Reached XP level 3. HP: 26/31 MP: 2/6
    49 | D        | Gained mutation: You are partially covered in thin metallic scales. (AC +2) [demonic ancestry]
    49 | D        | Reached XP level 4. HP: 32/38 MP: 2/7
    52 | D        | Found a blossoming altar of Fedhas.
    55 | D        | Found a radiant altar of Vehumet.
    55 | D        | Found Nitsiw's Do-It-Yourself Clinic.
    55 | D        | Found Jicuas's Bottled Wisdom.
    56 | D        | Found Bakomeh's Distillery.
    57 | D        | Found Kematrie's Distillery.
    69 | D        | Reached ** piety under Qazlal
    69 | D        | Arena points: 14 (+14) [x2]
    99 | D        | Round 2.
   185 | D        | Noticed Blork the orc
   191 | D        | Killed Blork the orc
   191 | D        | Reached skill level 5 in Fighting
   191 | D        | Reached skill level 5 in Axes
   191 | D        | Gained mutation: Your flesh is cold resistant. (rC+) [demonic ancestry]
   191 | D        | Reached XP level 5. HP: 43/44 MP: 3/9
   232 | D        | Noticed an orc warrior
   234 | D        | Killed an orc warrior
   276 | D        | Arena points: 26 (+12) [x1]
   291 | D        | Round 3.
   303 | D        | Reached *** piety under Qazlal
   303 | D        | Gained mutation: You have sharp fingernails. [demonic ancestry]
   303 | D        | Reached XP level 6. HP: 44/53 MP: 10/12
   329 | D        | Reached skill level 1 in Unarmed Combat
   374 | D        | Noticed a porcupine
   376 | D        | Killed a porcupine
   376 | D        | Reached skill level 5 in Dodging
   411 | D        | Noticed a basilisk
   412 | D        | Noticed a porcupine
   415 | D        | Killed a porcupine
   426 | D        | Killed a basilisk
   426 | D        | Arena points: 68 (+42) [x2]
   426 | D        | Reached skill level 10 in Invocations
   426 | D        | Reached XP level 7. HP: 38/62 MP: 3/14
   480 | D        | Round 4.
   496 | D        | Reached skill level 5 in Armour
   497 | D        | Reached skill level 5 in Unarmed Combat
   499 | D        | Bought 3 potions of heal wounds for 105 gold pieces
   519 | D        | Reached **** piety under Qazlal
   519 | D        | Arena points: 152 (+84) [x3]
   553 | D        | Round 5.
   555 | D        | Noticed a naga warlord
   580 | D        | Killed a naga warlord
   580 | D        | Arena points: 352 (+200) [x5]
   580 | D        | Reached skill level 10 in Fighting
   580 | D        | Gained mutation: You are mostly covered in thin metallic scales. (AC +3) [demonic ancestry]
   580 | D        | Reached XP level 8. HP: 30/72 MP: 8/17
   752 | D        | Round 6.
   766 | D        | Noticed a queen bee
   767 | D        | Gained mutation: You have very sharp fingernails. [demonic ancestry]
   767 | D        | Reached XP level 9. HP: 67/79 MP: 18/18
   774 | D        | Killed a queen bee
   890 | D        | Bought 4 potions of curing for 84 gold pieces
   930 | D        | Noticed a queen bee
   944 | D        | Killed a queen bee
   944 | D        | Reached ***** piety under Qazlal
   944 | D        | Gained mutation: You are completely covered in thin metallic scales. (AC +4, rElec) [demonic ancestry]
   944 | D        | Reached XP level 10. HP: 32/87 MP: 20/20
   945 | D        | Arena points: 394 (+42) [x1]
   967 | D        | Round 7.
  1000 | D        | Noticed Harold
  1027 | D        | Killed Harold
  1083 | D        | Noticed a deep elf mage
  1089 | D        | Killed a deep elf mage
  1105 | D        | Got a serpentine rune of Zot
  1110 | D        | Arena points: 520 (+126) [x2]
  1169 | D        | Round 8.
  1177 | D        | Noticed a deep elf knight
  1190 | D        | Killed a deep elf knight
  1190 | D        | Reached skill level 15 in Invocations
  1201 | D        | Noticed a deep elf mage
  1206 | D        | Noticed a deep elf mage
  1209 | D        | Killed a deep elf mage
  1215 | D        | Killed a deep elf mage
  1215 | D        | Reached skill level 10 in Unarmed Combat
  1225 | D        | Bought 2 rations for 40 gold pieces
  1227 | D        | Noticed a short sword of venom
  1232 | D        | Killed a short sword of venom
  1233 | D        | Noticed a dire flail of draining
  1235 | D        | Killed a dire flail of draining
  1235 | D        | Reached XP level 11. HP: 69/98 MP: 14/23
  1240 | D        | Noticed a long sword of protection
  1256 | D        | Killed a long sword of protection
  1276 | D        | Bought 3 potions of heal wounds for 105 gold pieces
  1276 | D        | Bought 3 potions of heal wounds for 105 gold pieces
  1300 | D        | Noticed a short sword of flaming
  1301 | D        | Killed a short sword of flaming
  1308 | D        | Noticed a deep elf mage
  1315 | D        | Killed a deep elf mage
  1315 | D        | Arena points: 736 (+216) [x3]
  1367 | D        | Round 9.
  1450 | D        | Reached ****** piety under Qazlal
  1476 | D        | Arena points: 1132 (+396) [x4]
  1533 | D        | Round 10.
  1574 | D        | Arena points: 1672 (+540) [x6]
  1578 | D        | Got a gossamer rune of Zot
  1580 | D        | Gained mutation: You regenerate health from kills. [demonic ancestry]
  1580 | D        | Reached XP level 12. HP: 107/107 MP: 6/24
  1597 | D        | Bought +0 gold dragon scales for 960 gold pieces
  1634 | D        | Bought 4 scrolls of enchant armour for 300 gold pieces
  1755 | D        | Round 11.
  1802 | D        | Reached skill level 10 in Dodging
  1885 | D        | Bought a sparkling silver ring for 45 gold pieces
  1885 | D        | Bought a flickering steel ring for 45 gold pieces
  1893 | D        | Arena points: 2442 (+770) [x7]
  1898 | D        | Identified the ring "Plog" {*Slow rC+ Str+8 Int+2} (You bought it in a shop in the Dungeon)
  1899 | D        | Identified the ring of Uxkuntaa {rC+ Str+2 Int-2 Slay+3 Stlth-} (You bought it in a shop in the Dungeon)
  1906 | D        | Bought a sparkling tin ring for 45 gold pieces
  1906 | D        | Bought a scorched jade ring for 45 gold pieces
  1906 | D        | Bought a sparkling pewter ring for 45 gold pieces
  1906 | D        | Bought a glittering tin ring for 45 gold pieces
  1906 | D        | Bought a sparkling ruby amulet for 45 gold pieces
  1913 | D        | Bought 3 scrolls of identify for 150 gold pieces
  1913 | D        | Bought 3 scrolls of identify for 150 gold pieces
  1913 | D        | Identified the ring of the Eagle {Int+2 Dex+5} (You bought it in a shop in the Dungeon)
  1914 | D        | Identified the ring "Diugh" {rPois Str+3 Int-5 Slay+5 SInv} (You bought it in a shop in the Dungeon)
  1915 | D        | Identified the ring "Taextak" {Fire Dex+3} (You bought it in a shop in the Dungeon)
  1916 | D        | Identified the ring "Deb Ukiq" {*Drain +Fly rPois MR+ Stlth+} (You bought it in a shop in the Dungeon)
  1917 | D        | Identified the amulet "Mutsil" {Faith Int+6} (You bought it in a shop in the Dungeon)
  1949 | D        | Round 12.
  2035 | D        | Reached skill level 10 in Armour
  2044 | D        | Reached skill level 15 in Fighting
  2062 | D        | Bought a crude lapis lazuli ring for 45 gold pieces
  2062 | D        | Identified the ring "Xopterch" {Ice Str+4 Dex+4} (You bought it in a shop in the Dungeon)
  2086 | D        | Arena points: 3594 (+1152) [x8]
  2105 | D        | Bought a coiled granite ring for 45 gold pieces
  2105 | D        | Bought a scintillating platinum ring for 45 gold pieces
  2105 | D        | Bought a vibrating turquoise ring for 45 gold pieces
  2105 | D        | Bought a bound tin ring for 45 gold pieces
  2105 | D        | Bought a flickering bone ring for 45 gold pieces
  2113 | D        | Bought 3 scrolls of identify for 150 gold pieces
  2113 | D        | Bought 3 scrolls of identify for 150 gold pieces
  2113 | D        | Identified the ring of the Establishment {Ice Str+3} (You bought it in a shop in the Dungeon)
  2114 | D        | Identified the ring of Yendor {rElec rPois Dex+4 Stlth+} (You bought it in a shop in the Dungeon)
  2115 | D        | Identified the ring of Qeejoc {+Fly rC+ MR+ Dex-4 Stlth+} (You bought it in a shop in the Dungeon)
  2116 | D        | Identified the ring of Rutaoc {MR+ Stlth+} (You bought it in a shop in the Dungeon)
  2117 | D        | Identified the ring "Seolem" {rC+ Int+5 Slay-5 Stlth+} (You bought it in a shop in the Dungeon)
  2145 | D        | Round 13.
  2152 | D        | Noticed a catoblepas
  2154 | D        | Killed a five-headed hydra
  2162 | D        | Killed a catoblepas
  2162 | D        | Gained mutation: Your magical and physical power is slightly enhanced at high health. [demonic ancestry]
  2162 | D        | Reached XP level 13. HP: 116/116 MP: 19/26
  2236 | D        | Arena points: 4881 (+1287) [x9]
  2255 | D        | Bought a scorched cloak for 332 gold pieces
  2255 | D        | Bought a pair of encrusted boots for 332 gold pieces
  2260 | D        | Identified the +1 cloak of Miracles {rPois rF++ Regen+ Dex-5} (You bought it in a shop in the Dungeon)
  2265 | D        | Identified the +3 pair of boots of Hospitality {Slay+5} (You bought it in a shop in the Dungeon)
  2303 | D        | Round 14.
  2439 | D        | Arena points: 6701 (+1820) [x10]
  2502 | D        | Round 15.
  2512 | D        | Noticed Fannar
  2546 | D        | Killed Fannar
  2546 | D        | Arena points: 8681 (+1980) [x12]
  2546 | D        | Reached skill level 15 in Unarmed Combat
  2549 | D        | Got an elven rune of Zot
  2550 | D        | Reached XP level 14. HP: 128/128 MP: 11/28
  2631 | D        | Bought an encrusted hat for 315 gold pieces
  2641 | D        | Identified the cursed +0 hat of the Arcane {Str+3} (You bought it in a shop in the Dungeon)
  2661 | D        | Bought 4 scrolls of enchant armour for 300 gold pieces
  2661 | D        | Bought 3 scrolls of blinking for 225 gold pieces
  2663 | D        | Bought 4 scrolls of enchant armour for 300 gold pieces
  2689 | D        | Bought 4 potions of curing for 84 gold pieces
  2689 | D        | Bought 3 potions of heal wounds for 105 gold pieces
  2698 | D        | Bought 6 potions of might for 168 gold pieces
  2720 | D        | Round 16.
  2766 | D        | Noticed a reaper
  2778 | D        | Killed a reaper
  2795 | D        | Noticed a Hell Sentinel
  2812 | D        | Noticed a Hell Sentinel
  2817 | D        | Killed a Hell Sentinel
  2823 | D        | Killed a Hell Sentinel
  2860 | D        | Noticed a cacodemon
  2863 | D        | Gained mutation: Your system is resistant to poisons. (rPois) [a cacodemon]
  2865 | D        | Killed a cacodemon
  2881 | D        | Arena points: 12009 (+3328) [x13]
  2909 | D        | Bought 5 potions of berserk rage for 175 gold pieces
  2909 | D        | Bought 2 potions of mutation for 112 gold pieces
  2909 | D        | Bought a potion of mutation for 56 gold pieces
  2909 | D        | Bought 3 potions of haste for 210 gold pieces
  2923 | D        | Bought 3 scrolls of blinking for 225 gold pieces
  2926 | D        | Round 17.
  2951 | D        | Gained mutation: Your magical and physical power is enhanced at high health. [demonic ancestry]
  2951 | D        | Reached XP level 15. HP: 135/137 MP: 20/30
  2954 | D        | Noticed a nagaraja
  2966 | D        | Killed a nagaraja
  3010 | D        | Arena points: 15579 (+3570) [x14]
  3031 | D        | Bought a potion of experience for 300 gold pieces
  3031 | D        | Bought a potion of experience for 300 gold pieces
  3031 | D        | Gained mutation: You have claws for hands. [demonic ancestry]
  3031 | D        | Reached XP level 16. HP: 146/146 MP: 31/31
  3032 | D        | Gained mutation: You are immune to freezing clouds. [demonic ancestry]
  3032 | D        | Reached XP level 17. HP: 153/153 MP: 32/32
  3082 | D        | Round 18.
  3132 | D        | Noticed an acid blob
  3142 | D        | Killed an acid blob
  3177 | D        | Gained mutation: Armour fits poorly on your strangely shaped body. [a shining eye]
  3231 | D        | Arena points: 19089 (+3510) [x15]
  3268 | D        | Bought 3 potions of experience for 900 gold pieces
  3268 | D        | Reached XP level 18. HP: 146/162 MP: 34/34
  3269 | D        | Gained mutation: Your magical and physical power is greatly enhanced at high health. [demonic ancestry]
  3269 | D        | Reached XP level 19. HP: 153/169 MP: 35/35
  3270 | D        | Reached XP level 20. HP: 160/176 MP: 36/36
  3271 | D        | Lost mutation: Armour fits poorly on your strangely shaped body. [potion of mutation]
  3271 | D        | Gained mutation: Your mind is acute. (Int +2) [potion of mutation]
  3271 | D        | Lost mutation: Your mind is acute. (Int +2) [potion of mutation]
  3271 | D        | Gained mutation: You evolve. [potion of mutation]
  3271 | D        | Gained mutation: You are covered in fur. (AC +1) [potion of mutation]
  3271 | D        | Round 19.
  3372 | D        | Arena points: 23649 (+4560) [x16]
  3397 | D        | Bought 3 potions of experience for 900 gold pieces
  3397 | D        | Reached XP level 21. HP: 184/184 MP: 37/37
  3398 | D        | Reached XP level 22. HP: 192/192 MP: 38/38
  3399 | D        | Reached XP level 23. HP: 199/199 MP: 39/39
  3438 | D        | Round 20.
  3483 | D        | Noticed Dissolution
  3497 | D        | Killed Dissolution
  3497 | D        | Arena points: 28329 (+4680) [x18]
  3497 | D        | Reached skill level 27 in Invocations
  3500 | D        | Got a transparent crystal amulet
  3500 | D        | Got a slimy rune of Zot
  3501 | D        | Identified the amulet "Xyc Qait" {Harm *Drain rElec Int+2 Dex+2} (You found it in the Dungeon)
  3507 | D        | Gained mutation: A meltable icy envelope protects you from harm. (AC +10) [demonic ancestry]
  3507 | D        | Reached XP level 24. HP: 214/214 MP: 8/40
  3521 | D        | Bought 2 potions of experience for 600 gold pieces
  3521 | D        | Reached XP level 25. HP: 221/221 MP: 12/40
  3522 | D        | Reached XP level 26. HP: 229/229 MP: 12/40
  3591 | D        | Bought 3 potions of haste for 210 gold pieces
  3591 | D        | Bought 6 potions of magic for 336 gold pieces
  3711 | D        | Round 21.
  3741 | D        | Arena points: 33915 (+5586) [x19]
  3754 | D        | Bought 15 scrolls of remove curse for 450 gold pieces
  3754 | D        | Bought 3 scrolls of silence for 225 gold pieces
  3754 | D        | Bought 3 scrolls of fog for 60 gold pieces
  3789 | D        | Bought a quad damage for 400 gold pieces
  3791 | D        | Round 22.
  3858 | D        | Paralysed by a floating eye for 2 turns
  3947 | D        | Arena points: 39635 (+5720) [x20]
  3970 | D        | Bought 6 potions of resistance for 420 gold pieces
  3970 | D        | Bought 3 potions of mutation for 168 gold pieces
  3986 | D        | Round 23.
  4076 | D        | Noticed Ignacio
  4079 | D        | Killed Ignacio
  4079 | D        | Reached skill level 27 in Fighting
  4120 | D        | Gained mutation: You regenerate a lot of health from kills. [demonic ancestry]
  4120 | D        | Reached XP level 27. HP: 239/249 MP: 40/40
  4128 | D        | Arena points: 48812 (+9177) [x21]
  4141 | D        | Bought 4 potions of curing for 84 gold pieces
  4141 | D        | Bought 4 potions of curing for 84 gold pieces
  4141 | D        | Bought 4 potions of curing for 84 gold pieces
  4141 | D        | Bought 3 potions of heal wounds for 105 gold pieces
  4141 | D        | Bought 3 potions of heal wounds for 105 gold pieces
  4141 | D        | Bought 3 potions of heal wounds for 105 gold pieces
  4141 | D        | Bought 3 potions of heal wounds for 105 gold pieces
  4141 | D        | Bought 3 potions of heal wounds for 105 gold pieces
  4141 | D        | Bought 3 potions of heal wounds for 105 gold pieces
  4141 | D        | Bought 3 potions of heal wounds for 105 gold pieces
  4141 | D        | Bought 3 potions of heal wounds for 105 gold pieces
  4148 | D        | Bought 2 potions of mutation for 112 gold pieces
  4148 | D        | Bought a potion of mutation for 56 gold pieces
  4148 | D        | Bought 6 potions of magic for 336 gold pieces
  4186 | D        | Round 24.
  4323 | D        | Arena points: 58844 (+10032) [x22]
  4338 | D        | Bought 3 scrolls of identify for 150 gold pieces
  4338 | D        | Bought 3 scrolls of identify for 150 gold pieces
  4338 | D        | Bought 3 scrolls of identify for 150 gold pieces
  4338 | D        | Bought 3 scrolls of identify for 150 gold pieces
  4338 | D        | Bought 3 scrolls of identify for 150 gold pieces
  4339 | D        | Bought a fine helmet for 332 gold pieces
  4339 | D        | Bought a pair of twisted boots for 332 gold pieces
  4339 | D        | Identified the cursed +0 helmet of Reason {Int+4} (You bought it in a shop in the Dungeon)
  4340 | D        | Identified the cursed +0 pair of boots of Ynwuqih {Int+4} (You bought it in a shop in the Dungeon)
  4363 | D        | Round 25.
  4368 | D        | Noticed Mennas
  4381 | D        | Killed Mennas
  4381 | D        | Arena points: 67844 (+9000) [x24]
  4381 | D        | Reached skill level 27 in Unarmed Combat
  4384 | D        | Got a silver rune of Zot
  4399 | D        | Bought 5 potions of haste for 350 gold pieces
  4399 | D        | Bought 4 potions of haste for 280 gold pieces
  4414 | D        | Bought 3 scrolls of silence for 225 gold pieces
  4414 | D        | Bought 4 scrolls of blinking for 300 gold pieces
  4598 | D        | Round 26.
  4613 | D        | Reached skill level 1 in Spellcasting
  4624 | D        | Arena points: 76944 (+9100) [x25]
  4675 | D        | Round 27.
  4682 | D        | Bought 8 scrolls of enchant weapon for 600 gold pieces
  4693 | D        | Reached skill level 15 in Dodging
  4699 | D        | Reached skill level 5 in Spellcasting
  4706 | D        | Noticed an orb of fire
  4708 | D        | Gained mutation: You are frail. (-10% HP) [an orb of fire]
  4710 | D        | Killed an orb of fire
  4723 | D        | Noticed an orb of fire
  4723 | D        | Gained mutation: Scrolls take you a little longer to read. [an orb of fire]
  4727 | D        | Gained mutation: You are clumsy. (Dex -2) [an orb of fire]
  4731 | D        | Killed an orb of fire
  4746 | D        | Reached skill level 10 in Spellcasting
  4748 | D        | Noticed an orb of fire
  4750 | D        | Gained mutation: You are dopey. (Int -2) [an orb of fire]
  4759 | D        | Killed an orb of fire
  4764 | D        | Lost mutation: You are frail. (-10% HP) [potion of mutation]
  4764 | D        | Lost mutation: You are clumsy. (Dex -2) [potion of mutation]
  4764 | D        | Gained mutation: You are clumsy. (Dex -2) [potion of mutation]
  4764 | D        | Gained mutation: You are resistant to hostile enchantments. (MR+) [potion of mutation]
  4764 | D        | Gained mutation: You have a pair of small horns on your head. [potion of mutation]
  4765 | D        | Lost mutation: You evolve. [potion of mutation]
  4765 | D        | Lost mutation: You have a pair of small horns on your head. [potion of mutation]
  4765 | D        | Lost mutation: You are clumsy. (Dex -2) [potion of mutation]
  4765 | D        | Lost mutation: Scrolls take you a little longer to read. [potion of mutation]
  4765 | D        | Gained mutation: Your spells are a little harder to cast, but a little more powerful. [potion of mutation]
  4765 | D        | Gained mutation: You are agile. (Dex +2) [potion of mutation]
  4778 | D        | Arena points: 88878 (+11934) [x26]
  4791 | D        | Bought a Necronomicon for 772 gold pieces
  4800 | D        | Learned a level 8 spell: Death's Door
  4810 | D        | Learned a level 8 spell: Necromutation
  4819 | D        | Learned a level 8 spell: Infestation
  4828 | D        | Learned a level 8 spell: Borgnjor's Revivification
  4830 | D        | Bought a book of the Earth for 455 gold pieces
  4830 | D        | Bought a book of Death for 490 gold pieces
  4840 | D        | Learned a level 9 spell: Shatter
  4970 | D        | Round 28.
  5116 | D        | Arena points: 103998 (+15120) [x27]
  5181 | D        | Round 29.
  5193 | D        | Reached skill level 1 in Necromancy
  5199 | D        | Reached skill level 1 in Charms
  5270 | D        | Reached skill level 5 in Necromancy
  5298 | D        | Arena points: 121050 (+17052) [x28]
  5352 | D        | Round 30.
  5357 | D        | Noticed Cerebov
  5376 | D        | Killed Cerebov
  5376 | D        | Arena points: 135450 (+14400) [x30]
  5376 | D        | Reached skill level 15 in Spellcasting
  5376 | D        | Reached skill level 10 in Charms
  5379 | D        | Got a fiery rune of Zot
  5400 | D        | Bought a translucent cloak for 332 gold pieces
  5400 | D        | Identified the cursed -2 cloak "Lenitwuo" {-Tele +Fly Regen+} (You bought it in a shop in the Dungeon)
  5425 | D        | Bought a potion of haste for 70 gold pieces
  5425 | D        | Bought a potion of agility for 28 gold pieces
  5425 | D        | Bought 6 potions of magic for 336 gold pieces
  5425 | D        | Bought 6 potions of resistance for 420 gold pieces
  5425 | D        | Bought 6 potions of brilliance for 168 gold pieces
  5425 | D        | Bought 6 potions of might for 168 gold pieces
  5425 | D        | Bought 6 potions of agility for 168 gold pieces
  5425 | D        | Bought 3 potions of haste for 210 gold pieces
  5425 | D        | Bought 5 potions of berserk rage for 175 gold pieces
  5425 | D        | Bought 5 potions of berserk rage for 175 gold pieces
  5425 | D        | Bought 5 potions of haste for 350 gold pieces
  5425 | D        | Bought 4 potions of haste for 280 gold pieces
  5426 | D        | Bought a potion of magic for 56 gold pieces
  5426 | D        | Bought 5 potions of berserk rage for 175 gold pieces
  5426 | D        | Bought 6 potions of magic for 336 gold pieces
  5426 | D        | Bought 6 potions of resistance for 420 gold pieces
  5426 | D        | Bought 6 potions of resistance for 420 gold pieces
  5426 | D        | Bought 3 potions of mutation for 168 gold pieces
  5426 | D        | Bought 6 potions of brilliance for 168 gold pieces
  5426 | D        | Bought 6 potions of agility for 168 gold pieces
  5490 | D        | Bought 2 rations for 40 gold pieces
  5490 | D        | Bought 2 rations for 40 gold pieces
  5546 | D        | Round 31.
  5563 | D        | Noticed a juggernaut
  5563 | D        | a shard shrike changed into a juggernaut
  5569 | D        | Killed a juggernaut
  5585 | D        | Noticed a juggernaut
  5585 | D        | a juggernaut changed into a shard shrike
  5586 | D        | Reached skill level 15 in Necromancy
  5613 | D        | Noticed a juggernaut
  5626 | D        | a juggernaut changed into a shard shrike
  5632 | D        | Reached skill level 15 in Charms
  5646 | D        | Noticed a juggernaut
  5646 | D        | a glowing shapeshifter changed into a juggernaut
  5658 | D        | a juggernaut changed into an acid blob
  5682 | D        | Noticed a juggernaut
  5687 | D        | a juggernaut changed into an iron dragon
  5719 | D        | Noticed a juggernaut
  5719 | D        | a shard shrike changed into a juggernaut
  5724 | D        | Killed a juggernaut
  5724 | D        | Arena points: 158514 (+23064) [x31]
  5743 | D        | Round 32.
  5913 | D        | Arena points: 184114 (+25600) [x32]
  5928 | D        | Bought 2 rations for 40 gold pieces
  5928 | D        | Bought 2 rations for 40 gold pieces
  5928 | D        | Bought 2 rations for 40 gold pieces
  5928 | D        | Bought 2 rations for 40 gold pieces
  5928 | D        | Bought 2 rations for 40 gold pieces
  5928 | D        | Bought 2 rations for 40 gold pieces
  5928 | D        | Bought 2 rations for 40 gold pieces
  5928 | D        | Bought 2 rations for 40 gold pieces
  5928 | D        | Bought 2 rations for 40 gold pieces
  5928 | D        | Bought 2 rations for 40 gold pieces
  5928 | D        | Bought 2 rations for 40 gold pieces
  5928 | D        | Bought 2 rations for 40 gold pieces
  5928 | D        | Bought 2 rations for 40 gold pieces
  5928 | D        | Bought 2 rations for 40 gold pieces
  5943 | D        | Bought a quad damage for 400 gold pieces
  5943 | D        | Bought a quad damage for 400 gold pieces
  5952 | D        | Round 33.
  5954 | D        | Noticed Dispater
  5971 | D        | Killed Dispater
  5971 | D        | Arena points: 203188 (+19074) [x34]
  5974 | D        | Got an iron rune of Zot
  6180 | D        | Round 34.
  6197 | D        | Gained mutation: You are very dopey. (Int -4) [a shining eye]
  6203 | D        | Gained mutation: You are frail. (-10% HP) [a shining eye]
  6215 | D        | Gained mutation: Armour fits poorly on your strangely shaped body. [a shining eye]
  6305 | D        | Lost mutation: You are very dopey. (Int -4) [a shining eye]
  6309 | D        | Gained mutation: You expend magic power (3 MP) to strengthen your wands. [a shining eye]
  6317 | D        | Arena points: 224608 (+21420) [x35]
  6321 | D        | Lost mutation: Your spells are a little harder to cast, but a little more powerful. [potion of mutation]
  6321 | D        | Lost mutation: Armour fits poorly on your strangely shaped body. [potion of mutation]
  6321 | D        | Lost mutation: You are agile. (Dex +2) [potion of mutation]
  6321 | D        | Lost mutation: You are dopey. (Int -2) [potion of mutation]
  6321 | D        | Gained mutation: Your magical capacity is low. (-10% MP) [potion of mutation]
  6321 | D        | Gained mutation: You tend to lose your temper in combat. [potion of mutation]
  6321 | D        | Gained mutation: You have a pair of small antennae on your head. [potion of mutation]
  6321 | D        | Gained mutation: You have a pair of antennae on your head. [potion of mutation]
  6322 | D        | Lost mutation: You are frail. (-10% HP) [potion of mutation]
  6322 | D        | Lost mutation: You expend magic power (3 MP) to strengthen your wands. [potion of mutation]
  6322 | D        | Gained mutation: Your flesh is very cold resistant. (rC++) [potion of mutation]
  6322 | D        | Lost mutation: You have a pair of antennae on your head. [potion of mutation]
  6322 | D        | Gained mutation: Your mind is acute. (Int +2) [potion of mutation]
  6323 | D        | Lost mutation: Your flesh is very cold resistant. (rC++) [potion of mutation]
  6323 | D        | Lost mutation: Your system is resistant to poisons. (rPois) [potion of mutation]
  6323 | D        | Lost mutation: You tend to lose your temper in combat. [potion of mutation]
  6323 | D        | Lost mutation: Your mind is acute. (Int +2) [potion of mutation]
  6323 | D        | Gained mutation: Your muscles are strong. (Str +2) [potion of mutation]
  6323 | D        | Gained mutation: Your mind is acute. (Int +2) [potion of mutation]
  6323 | D        | Gained mutation: Your muscles are very strong. (Str +4) [potion of mutation]
  6324 | D        | Lost mutation: You are resistant to hostile enchantments. (MR+) [potion of mutation]
  6324 | D        | Lost mutation: Your magical capacity is low. (-10% MP) [potion of mutation]
  6324 | D        | Lost mutation: Your muscles are very strong. (Str +4) [potion of mutation]
  6324 | D        | Gained mutation: You are clumsy. (Dex -2) [potion of mutation]
  6324 | D        | Lost mutation: You are clumsy. (Dex -2) [potion of mutation]
  6325 | D        | Lost mutation: Your mind is acute. (Int +2) [potion of mutation]
  6325 | D        | Lost mutation: Your muscles are strong. (Str +2) [potion of mutation]
  6325 | D        | Lost mutation: You have a pair of small antennae on your head. [potion of mutation]
  6325 | D        | Lost mutation: You are covered in fur. (AC +1) [potion of mutation]
  6325 | D        | Gained mutation: You tend to lose your temper in combat. [potion of mutation]
  6325 | D        | Gained mutation: Your flesh is heat resistant. (rF+) [potion of mutation]
  6326 | D        | Lost mutation: You tend to lose your temper in combat. [potion of mutation]
  6326 | D        | Lost mutation: Your flesh is heat resistant. (rF+) [potion of mutation]
  6326 | D        | Gained mutation: You have sharp toenails. [potion of mutation]
  6326 | D        | Gained mutation: You are covered in fur. (AC +1) [potion of mutation]
  6360 | D        | Round 35.
  6509 | D        | Arena points: 247288 (+22680) [x36]
  6525 | D        | Bought 5 scrolls of fog for 100 gold pieces
  6525 | D        | Bought 4 scrolls of fog for 80 gold pieces
  6525 | D        | Bought 5 scrolls of blinking for 375 gold pieces
  6525 | D        | Bought 4 scrolls of blinking for 300 gold pieces
  6526 | D        | Bought 5 scrolls of fog for 100 gold pieces
  6526 | D        | Bought 4 scrolls of fog for 80 gold pieces
  6526 | D        | Bought 3 scrolls of fog for 60 gold pieces
  6526 | D        | Bought 5 scrolls of blinking for 375 gold pieces
  6527 | D        | Bought 4 scrolls of enchant armour for 300 gold pieces
  6555 | D        | Round 36.
  6557 | D        | Noticed Ereshkigal
  6574 | D        | Killed Ereshkigal
  6574 | D        | Arena points: 271912 (+24624) [x38]
  6577 | D        | Got a bone rune of Zot
  6707 | D        | Bought a scroll of identify for 40 gold pieces
  6707 | D        | Bought a scroll of identify for 40 gold pieces
  6707 | D        | Bought a crystal ball of energy for 400 gold pieces
  6707 | D        | Bought 5 potions of haste for 1000 gold pieces
  6707 | D        | Bought 5 potions of haste for 1000 gold pieces
  6707 | D        | Bought 5 potions of heal wounds for 500 gold pieces
  6707 | D        | Bought 5 potions of heal wounds for 500 gold pieces
  6708 | D        | Bought 20 rations for 1500 gold pieces
  6768 | D        | Round 37.
  6813 | D        | Reached skill level 27 in Armour
  6873 | D        | Arena points: 297886 (+25974) [x39]
  6883 | D        | Bought 3 scrolls of identify for 150 gold pieces
  6883 | D        | Bought 3 scrolls of identify for 150 gold pieces
  6883 | D        | Bought 3 scrolls of identify for 150 gold pieces
  6883 | D        | Bought 3 scrolls of identify for 150 gold pieces
  6883 | D        | Bought 3 scrolls of identify for 150 gold pieces
  6883 | D        | Bought 3 scrolls of identify for 150 gold pieces
  6883 | D        | Bought 3 scrolls of identify for 150 gold pieces
  6883 | D        | Bought 3 scrolls of identify for 150 gold pieces
  6919 | D        | Bought a book of Burglary for 525 gold pieces
  6919 | D        | Bought a book of the Warp for 630 gold pieces
  6919 | D        | Bought a book of the Sky for 455 gold pieces
  6919 | D        | Bought a book of Enchantments for 350 gold pieces
  6919 | D        | Bought a book of Summonings for 490 gold pieces
  6932 | D        | Round 38.
  6941 | D        | Reached skill level 27 in Necromancy
  6949 | D        | Noticed Nellie
  6949 | D        | Killed Nellie
  6949 | D        | Reached skill level 27 in Spellcasting
  6968 | D        | Reached skill level 5 in Transmutations
  6991 | D        | Reached skill level 10 in Transmutations
  6992 | D        | Reached skill level 27 in Charms
  6995 | D        | Arena points: 337406 (+39520) [x40]
  7014 | D        | Bought a Grand Grimoire for 772 gold pieces
  7014 | D        | Bought a book of Annihilations for 772 gold pieces
  7014 | D        | Bought a book of Spatial Translocations for 455 gold pieces
  7022 | D        | Round 39.
  7024 | D        | Learned a level 9 spell: Tornado
  7029 | D        | Noticed Antaeus
  7057 | D        | Killed Antaeus
  7057 | D        | Arena points: 368528 (+31122) [x42]
  7060 | D        | Got an icy rune of Zot
  7268 | D        | Round 40.
  7278 | D        | Reached skill level 15 in Transmutations
  7305 | D        | Reached skill level 10 in Throwing
  7305 | D        | Reached skill level 10 in Air Magic
  7410 | D        | Arena points: 411528 (+43000) [x43]
  7410 | D        | Reached skill level 15 in Air Magic
  7452 | D        | Round 41.
  7586 | D        | Arena points: 451216 (+39688) [x44]
  7623 | D        | Learned a level 5 spell: Dispel Undead
  7629 | D        | Learned a level 5 spell: Silence
  7636 | D        | Learned a level 6 spell: Deflect Missiles
  7653 | D        | Round 42.
  7653 | D        | Noticed Nyofeoc the pandemonium lord
  7658 | D        | Noticed Master Blaster
  7663 | D        | Killed Nyofeoc the pandemonium lord
  7687 | D        | Noticed Cydacol the pandemonium lord
  7692 | D        | Killed Cydacol the pandemonium lord
  7703 | D        | Killed Master Blaster
  7703 | D        | Arena points: 489856 (+38640) [x46]
  7703 | D        | Reached skill level 27 in Air Magic
  7704 | D        | Got a demonic rune of Zot
  7754 | D        | Got a flickering platinum amulet
  7797 | D        | Identified the amulet of Xom's Ringing Laughter {Faith rElec rPois rN++ Dex-5} (You found it in the Dungeon)
  7882 | D        | Got the Orb of Zot
  7950 | D        | Noticed Xageneps the pandemonium lord
  7960 | D        | Killed Xageneps the pandemonium lord
  8019 | D        | Reached skill level 27 in Dodging
  8256 | D        | Noticed Symet the pandemonium lord
  8262 | D        | Killed Symet the pandemonium lord
  8364 | D        | Noticed Sercharphi the pandemonium lord
  8374 | D        | Killed Sercharphi the pandemonium lord
  8391 | D        | Noticed Emin the pandemonium lord
  8396 | D        | Killed Emin the pandemonium lord
  8509 | D        | Reached skill level 27 in Earth Magic
  8509 | D        | Reached skill level 1 in Hexes
  8509 | D        | Reached skill level 1 in Evocations
  8534 | D        | Reached skill level 5 in Hexes
  8534 | D        | Reached skill level 5 in Evocations
  8682 | D        | Reached skill level 15 in Evocations
  8694 | D        | Noticed Jialepat the pandemonium lord
  8703 | D        | Gained mutation: You are weak. (Str -2) [a shining eye]
  8711 | D        | Killed Jialepat the pandemonium lord
  8931 | D        | Noticed Nedu the pandemonium lord
  8932 | D        | Killed Nedu the pandemonium lord
  8938 | D        | Escaped with the Orb!

Vault maps used:
D:        arena_sprint

Skill      XL: |  1  2  3  4  5  6  7  8  9 10 11 12 13 14 15 16 17 18 19 20 21 22 23 24 25 26 27 |
---------------+----------------------------------------------------------------------------------+-----
Invocations    | 5 6 8 10 12 13 16 17 19 21 22 23 24 25 27 | 27.0
Axes           | 4 5 6 |  6.3
Fighting       | 4 5 6 8 10 11 13 14 15 17 18 19 20 23 27 | 27.0
Armour         | 2 3 4 6 7 8 9 10 11 12 13 14 16 27 | 27.0
Dodging        | 3 4 5 6 7 9 10 11 27 | 27.0
Unarmed Combat | 4 6 7 8 10 12 13 15 16 17 18 21 25 27 | 27.0
Ice Magic      | 3 |  3.8
Spellcasting   | 27 | 27.0
Necromancy     | 27 | 27.0
Charms         | 27 | 27.0
Transmutations | 24 | 24.6
Throwing       | 19 | 19.2
Air Magic      | 27 | 27.0
Earth Magic    | 27 | 27.0
Hexes          | 6 |  6.0
Evocations     | 24 | 24.7

Action                   |  1- 3 |  4- 6 |  7- 9 | 10-12 | 13-15 | 16-18 | 19-21 | 22-24 | 25-27 || total
-------------------------+-------+-------+-------+-------+-------+-------+-------+-------+-------++-------
Melee: War axe           |    13 |    16 |       |       |       |       |       |       |       ||    29
       Unarmed           |       |    11 |    44 |   170 |   145 |    26 |    22 |    11 |   888 ||  1317
       Punch             |       |       |     4 |    13 |     6 |     1 |     1 |     1 |   131 ||   157
 Fire: Blowgun           |       |       |       |       |       |       |       |       |     6 ||     6
Throw: Throwing net      |     3 |     1 |       |     3 |     1 |       |       |     1 |       ||     9
 Cast: Shatter           |       |       |       |       |       |       |       |       |    14 ||    14
       Deflect Missiles  |       |       |       |       |       |       |       |       |     1 ||     1
       Silence           |       |       |       |       |       |       |       |       |     1 ||     1
Invok: Upheaval          |       |     6 |     5 |    14 |     1 |     2 |     1 |     3 |    13 ||    45
       Elemental Force   |       |     1 |       |     1 |       |       |       |       |     2 ||     4
       Disaster Area     |       |       |       |     6 |     9 |     1 |       |     2 |    37 ||    55
Evoke: Crystal ball of e |       |       |       |       |       |       |       |       |     8 ||     8
       Quad damage       |       |       |       |       |       |       |       |       |     2 ||     2
  Use: Potion            |       |     2 |     4 |     7 |     6 |     3 |     4 |     3 |    28 ||    57
       Scroll            |       |       |       |    15 |     9 |       |       |     2 |    18 ||    44
 Stab: Held in net/web   |       |       |       |       |     1 |       |       |     1 |       ||     2
       Distracted        |       |       |       |       |       |       |       |       |     1 ||     1
  Eat: Ration            |       |       |       |     1 |       |       |       |       |     4 ||     5
       Chunk             |       |       |       |       |     3 |     1 |     1 |       |    11 ||    16
Armor: Leather armour    |     5 |     3 |    13 |    14 |       |       |       |       |       ||    35
       Gold dragon scale |       |       |       |    41 |   101 |    32 |     8 |    11 |   507 ||   700
Dodge: Dodged            |    12 |    18 |    45 |    52 |    38 |    10 |     3 |     4 |   397 ||   579
       Deflected         |       |       |       |     5 |     1 |     1 |       |       |    22 ||    29
Block: Other             |       |       |    10 |    31 |    41 |     5 |     5 |     5 |   188 ||   285

Table legend:
 A = Spawn XP
 B = Non-spawn XP
 C = Spawn XP percentage of total XP
 D = Spawn monster count
 E = Non-spawn monster count
 F = Spawn count percentage of total count
 G = Total turns spent on level
                    A         B        C        D         E        F      G
               +---------+---------+-------+---------+---------+-------+---------
         Total |       0 |  879639 |   0.0 |       0 |     471 |   0.0 |  8938
               +---------+---------+-------+---------+---------+-------+---------
             D |       0 |  879639 |   0.0 |       0 |     471 |   0.0 |  8938
               +---------+---------+-------+---------+---------+-------+---------
